 Dungeon Crawl Stone Soup version 0.31-a0-986-g5e6e4ef867 (webtiles) character file.

Game seed: 1448898708297008921

3555 rvierbuc the Trooper (level 9, 0/74 HPs)
             Began as a Demonspawn Gladiator on Nov 6, 2023.
             Was a Follower of Ashenzari.
             Killed by nerve-wracking pain
             ... invoked by an orc priest
              (3 damage)
             ... on level 7 of the Dungeon on Nov 13, 2023.
             The game lasted 00:28:31 (5440 turns).

rvierbuc the Trooper (Demonspawn Gladiator)         Turns: 5440, Time: 00:28:32

Health: 0/74       AC: 13    Str: 16    XL:     9   Next: 83%
Magic:  9/9        EV: 16    Int: 10    God:    Ashenzari [*.....]
Gold:   350        SH:  4    Dex: 19    Spells: 5/8 levels left

rFire   . . .        a - +0 long sword
rCold   . . .        (no shield)
rNeg    . . .        K - +0 steam dragon scales
rPois   .            l - +2 helmet
rElec   .            q - +0 cloak "Restrained With Me" {Elem, Self} (curse)
rCorr   .            (no gloves)
SInv    .            (no boots)
Will    .....        (no amulet)
Stlth   +++          h - +4 ring of protection
HPRegen 0.32/turn    C - ring "Augurer of Ashenzari" {Wiz Fly Str+2 Stlth+, Melee, Dev} (curse)
MPRegen 0.11/turn

%: wizardry (x1)
@: flying
A: large bone plates 1, powered by pain 1, condensation shield, demonic touch 2
a: Renounce Religion, Curse Item, Shatter the Chains


You were on level 7 of the Dungeon.
You worshipped Ashenzari.
Ashenzari was aware of your devotion.
You visited 1 branch of the dungeon, and saw 7 of its levels.

You collected 350 gold pieces.

Inventory:

Hand Weapons
 a - a +0 long sword (weapon)
 s - a +0 falchion
 w - a +0 short sword of speed
 x - a +2 dagger of electrocution
 I - a +4 war axe
Missiles
 d - 6 throwing nets
 e - 2 javelins (quivered)
 E - 14 darts of dispersal
Armour
 b - a +0 leather armour
 c - a +0 helmet
 l - a +2 helmet (worn)
 o - a +0 chain mail
 q - the cursed +0 cloak "Restrained With Me" (worn) {Elem, Self}
   (You found it on level 3 of the Dungeon)

   It has a curse which improves the following skills: Elements: Fire Magic, Ice
   Magic, Air Magic and Earth Magic.
   Introspection: Fighting and Spellcasting.
 G - a +1 robe of positive energy
 K - +0 steam dragon scales (worn)
Jewellery
 h - a +4 ring of protection (left hand)
 y - a ring of willpower
 z - a ring of protection from cold
 C - the cursed ring "Augurer of Ashenzari" (right hand) {Wiz Fly Str+2 Stlth+, Melee, Dev}
   (You found it on level 6 of the Dungeon)

   [ring of wizardry]

   Wiz:       It improves your spell success rate.
   Str+2:     It affects your strength (+2).
   Fly:       It grants you flight.
   Stlth+:    It makes you more stealthy.
   It has a curse which improves the following skills: Melee Combat: Short
   Blades, Long Blades, Axes, Maces & Flails, Polearms, Staves and Unarmed
   Combat.
   Devices:   Evocations and Shapeshifting.
 H - a +6 ring of intelligence
Wands
 k - a wand of mindburst (8)
 B - a wand of flame (11)
 J - a wand of charming (5)
Scrolls
 g - 3 scrolls of blinking
 n - 5 scrolls of identify
 r - 11 scrolls of teleportation
 u - 2 scrolls of enchant armour
 A - a scroll of silence
 D - a scroll of vulnerability
Potions
 f - 2 potions of might
 i - 2 potions of enlightenment
 j - a potion of lignification
 m - 2 potions of brilliance
 p - 2 potions of heal wounds
 t - a potion of mutation
 v - 3 potions of curing
 F - a potion of invisibility


   Skills:
 + Level 7.3(8.1) Fighting
 + Level 7.0(7.8) Long Blades
 + Level 6.7 Throwing
 + Level 7.0 Dodging


You had 5 spell levels left.
You knew the following spells:

 Your Spells              Type           Power      Damage    Failure   Level
a - Magic Dart            Conj           0%         1d3       16%         1
b - Wereblood             Tmut           0%         N/A       22%         2

Your spell library contained the following spells:

 Spells                   Type           Power      Damage    Failure   Level
 Slow                     Hex            0%         N/A       16%         1
 Call Imp                 Summ           0%         N/A       22%         2
 Sublimation of Blood     Necr           0%         N/A       22%         2
 Ozocubu's Armour         Ice            0%         N/A       38%         3
 Confusing Touch          Hex            0%         N/A       41%         3
 Mephitic Cloud           Conj/Pois/Air  0%         N/A       41%         3
 Sigil of Binding         Hex            0%         N/A       41%         3
 Vampiric Draining        Necr           0%         2d6       41%         3
 Ozocubu's Refrigeration  Ice            0%         4d7       100%        7
 Summon Hydra             Summ           0%         N/A       100%        7


Dungeon Overview and Level Annotations

Branches:
Dungeon (7/15)             Temple (0/1) D:4

Altars:
Ashenzari
Gozag
Hepliaklqana
Nemelex Xobeh
Ru
Vehumet

Annotations:
D:5 3 runed translucent doors, jlumianski's ghost, novice GnSh


Innate Abilities, Weirdness & Mutations

You are partially covered in large bone plates. (SH +4)
You sometimes gain a little power by taking damage.
A meltable shield of frost defends you. (SH +0)
Your touch may inflict irresistible damage on your foes.


Message History

You are confused.
You bump into the rock wall.
The orc priest hits you from afar with a +0 trident.
The orc priest begins to cast a cantrip, but forgets the words!
Something hits you.
You miss something.
You touch something.
Reactivating autopickup.
You feel a bit more experienced. The orc priest barely misses you.
You slash the orc!
You kill the orc!
The orc priest misses you.
The orc priest mumbles some strange prayers to Beogh against you.
Beogh smites you!
You bump into the rock wall.
The orc priest mumbles some strange prayers to Beogh against you.
Beogh smites you!
You bump into the rock wall.
The orc priest looks satisfied for a moment.
You bump into the rock wall.
The orc priest barely misses you.
The orc priest mumbles some strange prayers to Beogh against you.
Beogh smites you!
* * * LOW HITPOINT WARNING * * *
You're too confused to move!
You feel less confused. You block the orc priest's attack.
The orc priest misses you.
You slash the orc priest!
The orc priest is heavily wounded.
The orc priest completely misses you. The orc priest barely misses you.
You hit the orc priest.
The orc priest is severely wounded.
The orc priest mumbles some strange prayers to Beogh against you.
Beogh smites you!
* * * LOW HITPOINT WARNING * * *
The orc priest misses you.
You hit the orc priest but do no damage.
The orc priest is severely wounded.
The orc priest completely misses you.
The orc priest mumbles some strange prayers to Beogh against you.
Pain shoots through your body!
You die...

........# #.......~♣~.~
........# #.##....♣♣~.P~~
####....####.##.#..~♣~.~~♣#
#....##......#..~♣~.~~~#
#...†###..♣~≈.≈≈~♣
#....###.~♣≈~.~≈~♣
#>...#...♣♣~~.~~~♣
#....#)##♣♣~~.~~~♣♣
#....#.@oo♣♣~.~~P~♣♣
#....####o.~~.~~~~~≈ #....#
##..P.≈~~~~≈ #....#
##......... #...S~~~~~
##♣P~~≈S≈~ ~~~~≈~≈ ~~~~P≈≈
#♣~P~≈≈


You could see an electric eel, 2 orc priests and an orc.

Vanquished Creatures
  A slime creature (D:7)
  4 yaks (D:6)
  A steam dragon (D:7)
  Edmund (D:6)
  Menkaure (D:5)
  3 sky beasts (D:7)
  2 black bears
  2 ice beasts (D:6)
  2 ogres
  A centaur (D:5)
  A kobold brigand (D:6)
  3 bullfrogs
  A scorpion (D:6)
  A gnoll sergeant (D:7)
  7 wights (D:6)
  2 howler monkeys
  An electric eel (D:7)
  7 hounds
  3 jellies
  A gnoll bouda (D:7)
  4 iguanas
  3 orc wizards (D:7)
  Robin (D:2)
  6 adders
  14 gnolls
  2 white imps
  2 ufetubi (D:7)
  3 worms
  A dart slug (D:1)
  19 orcs
  2 bats (D:1)
  4 endoplasms
  3 giant cockroaches
  8 goblins
  6 hobgoblins
  2 quokkas
  4 ball pythons
  7 frilled lizards
  8 kobolds
  4 rats
148 creatures vanquished.

Notes
Turn   | Place    | Note
-------+----------+-------------------------------------------
     0 | D:1      | rvierbuc the Demonspawn Gladiator began the quest for the
                  | Orb.
     0 | D:1      | Reached XP level 1. HP: 16/16 MP: 1/1
   158 | D:1      | Gained mutation: You sometimes gain a little power by
                  | taking damage. [demonic ancestry]
   158 | D:1      | Reached XP level 2. HP: 20/22 MP: 2/2
   265 | D:1      | You fall into a shaft and drop 1 floor!
   344 | D:2      | Reached XP level 3. HP: 18/28 MP: 3/3
   530 | D:2      | Found a broken altar of Ashenzari.
   550 | D:2      | Noticed Robin
   564 | D:2      | Killed Robin
   786 | D:2      | Became a worshipper of Ashenzari the Shackled
  1012 | D:3      | Reached XP level 4. HP: 21/34 MP: 4/4
  1206 | D:3      | Found a hazy altar of Hepliaklqana.
  1234 | D:3      | Found a faded altar of an unknown god.
  1543 | D:3      | Found a radiant altar of Vehumet.
  1545 | D:3      | Found a sparkling altar of Nemelex Xobeh.
  1545 | D:3      | Noticed a bullfrog
  1561 | D:3      | Killed a bullfrog
  1562 | D:3      | Gained mutation: A meltable shield of frost defends you.
                  | (SH +0) [demonic ancestry]
  1562 | D:3      | Reached XP level 5. HP: 26/41 MP: 5/5
  1791 | D:4      | Found a staircase to the Ecumenical Temple.
  2195 | D:5      | Entered Level 5 of the Dungeon
  2221 | D:5      | Learned a level 1 spell: Magic Dart
  2244 | D:5      | Gained mutation: Your touch may inflict minor irresistible
                  | damage on your foes. [demonic ancestry]
  2244 | D:5      | Reached XP level 6. HP: 44/48 MP: 6/6
  2542 | D:5      | Reached XP level 7. HP: 51/55 MP: 7/7
  2800 | D:5      | Found a runed translucent gate.
  2801 | D:5      | Found a runed translucent gate.
  2802 | D:5      | Found a runed translucent gate.
  2804 | D:5      | Found an opulent altar of Gozag.
  2804 | D:5      | Noticed jlumianski's ghost (novice GnSh)
  2805 | D:5      | Noticed a shadow
  2805 | D:5      | Noticed Menkaure
  2808 | D:5      | Killed Menkaure
  3444 | D:6      | Identified the ring of Qeaju {Wiz Fly Str+2 Stlth+}
  3481 | D:6      | Reached skill level 5 in Long Blades
  3481 | D:6      | Reached skill level 5 in Dodging
  3481 | D:6      | Gained mutation: You are partially covered in large bone
                  | plates. (SH +4) [demonic ancestry]
  3481 | D:6      | Reached XP level 8. HP: 59/62 MP: 8/8
  3488 | D:6      | Reached skill level 5 in Fighting
  3634 | D:6      | Reached skill level 5 in Throwing
  3877 | D:6      | Reached * piety under Ashenzari
  4061 | D:6      | Noticed Edmund
  4065 | D:6      | Gained mutation: Your touch may inflict irresistible damage
                  | on your foes. [demonic ancestry]
  4065 | D:6      | Reached XP level 9. HP: 60/71 MP: 9/9
  4096 | D:6      | Killed Edmund
  4354 | D:6      | Learned a level 2 spell: Wereblood
  4513 | D:6      | Found a sacrificial altar of Ru.
  5439 | D:7      | HP: 3/74 [orc priest/divine providence (12)]
  5440 | D:7      | Killed from afar by an orc priest

Illustrated notes

Levels and vault maps discovered:
D:1:      heliophobic_arrival_enchanted_forest, layout_basic, minmay_lizard_pond
D:2:      layout_rooms, basic_altar, chequers_serial_rivers_micro_d,
          corexii_leaking_fountain, uniq_robin
D:3:      layout_basic, grunt_temple_overflow_open, lemuel_round_altar,
          chequers_ecumenical_altar_simple, nrook_uturn
D:4:      layout_rooms, minmay_temple_entry_fiery
D:5:      layout_loops_corners, ebering_ghost_gozag, serial_bayou_crossing,
          uniq_menkaure
D:6:      layout_loops_cross, mainiacjoe_overflow_alcove_4,
          minmay_unpleasant_kobolds, uniq_edmund
D:7:      layout_basic, serial_bayou, serial_bayou_lagoon_b,
          serial_bayou_pond_b, serial_bayou_pond_d, serial_bayou_shore_b,
          serial_shops, nicolae_shop_window_shopping

Skill      XL: |  1  2  3  4  5  6  7  8  9 |
---------------+----------------------------+-----
Throwing       | 2 3 4 5 6 |  6.7
Long Blades    | 3 4 5 6 7 |  7.0
Dodging        | 3 4 5 7 |  7.0
Fighting       | 3 4 6 7 |  7.3

Action                     |  1- 3 |  4- 6 |  7- 9 || total
---------------------------+-------+-------+-------++-------
  Melee: Long sword        |   101 |   137 |   273 ||   511
         Punch             |       |     3 |     8 ||    11
         Touch             |       |    10 |    56 ||    66
  Throw: Throwing net      |     1 |     4 |       ||     5
         Javelin           |       |     1 |     7 ||     8
   Cast: Magic Dart        |       |       |     3 ||     3
 Invoke: Curse Item        |       |     1 |     1 ||     2
   Stab: Sleeping          |     3 |       |     2 ||     5
 Armour: Leather armour    |    59 |    90 |   121 ||   270
         Steam dragon scal |       |       |    24 ||    24
  Dodge: Dodged            |    56 |    90 |   171 ||   317
  Block: Other             |       |    16 |    85 ||   101

Table legend: (Time is in decaauts)
 A = Elapsed time spent in this place.
 B = Non-inter-level travel time spent in this place.
 C = Inter-level travel time spent in this place.
 D = Time resting spent in this place.
 E = Time spent auto-exploring this place.
 F = Levels seen in this place.
 G = Mean time per level.
                   A        B        C        D        E       F      G
               +--------+--------+--------+--------+--------+-----+--------+
         Total |   5523 |   5391 |    132 |     44 |   3973 |   7 |  789.0 |
       Dungeon |   5523 |   5391 |    132 |     44 |   3973 |   7 |  789.0 |
               +--------+--------+--------+--------+--------+-----+--------+

Top non-repeatable levels by time:
     D:5: 1274 daAuts
     D:6: 1126 daAuts
     D:7: 888 daAuts
     D:2: 759 daAuts
     D:3: 744 daAuts
     D:4: 456 daAuts
     D:1: 272 daAuts
